 Dungeon Crawl Stone Soup version 0.17-a0-1996-gd2c0ec8 (webtiles) character file.

6 Oarsman the Grave Robber (level 1, -4/13 HPs)
             Began as a Mummy Necromancer on Oct 7, 2015.
             Slain by a hobgoblin
             ... wielding a +0 mace
              (6 damage)
             ... on level 1 of the Dungeon.
             The game lasted 00:01:58 (207 turns).

Oarsman the Grave Robber (Mummy Necromancer)         Turns: 207, Time: 00:01:58

Health: -4/13      AC:  2    Str: 11    XL:     1   Next: 75%
Magic:  0/3        EV: 12    Int: 14    God:
Gold:   27         SH:  0    Dex: 12    Spells: 2 memorised, 2 levels left

rFire  x . .     SeeInvis .     (no weapon)
rCold  + . .     Clarity  .     a - +0 robe
rNeg   + + +     SustAt   .     (no shield)
rPois  ∞         Gourm    .     (no helmet)
rElec  .         Spirit   .     (no cloak)
rCorr  .         Warding  .     (no gloves)
rMut   .         Stasis   .     (no boots)
MR     .....                    (no amulet)
Stlth  ++........               (no ring)
                                (no ring)

@: very slightly contaminated, not resistant to hostile enchantments, unstealthy
A: no food or potions, fire vulnerability, cold resistance 1, negative energy
resistance 3, torment resistance, unbreathing
a: no special abilities


You were on level 1 of the Dungeon.
You were not hungry.

You visited 1 branch of the dungeon, and saw 1 of its levels.

You collected 27 gold pieces.

Inventory:

Armour
 a - a +0 robe (worn)
Scrolls
 e - a scroll of remove curse {unknown}
Potions
 d - a potion of agility {unknown}
Books
 b - a book of Necromancy

   Spells                             Type                      Level
   a - Pain                           Necromancy                   1
   b - Animate Skeleton               Necromancy                   1
   c - Vampiric Draining              Necromancy                   3
   d - Regeneration                   Charms/Necromancy            3
   e - Animate Dead                   Necromancy                   4
   f - Control Undead                 Necromancy                   4


   Skills:
 + Level 1.6 Dodging
 + Level 1.6 Stealth
 + Level 2.0 Spellcasting
 + Level 4.2 Necromancy


You had 2 spell levels left.
You knew the following spells:

 Your Spells              Type           Power        Failure   Level  Hunger
a - Pain                  Necr           ##..         4%          1    N/A
b - Animate Skeleton      Necr           N/A          4%          1    N/A

Dungeon Overview and Level Annotations

Branches:
Dungeon (1/15)

Altars:


Innate Abilities, Weirdness & Mutations

You do not eat or drink.
Your flesh is vulnerable to fire.
You are immune to poison.
Your flesh is cold resistant.
You are immune to negative energy.
You are immune to unholy pain and torment.
You can survive without breathing.


Message History

Confirm with . or Enter, or press ? or * to list all spells.
You don't have enough magic to cast that spell.
Sorry, you're not good enough to have a special ability.
You closely miss the rat. The rat barely misses you.
You hit the rat.
You kill the rat!
You hit the hobgoblin but do no damage. The hobgoblin completely misses you.
You closely miss the hobgoblin. The hobgoblin barely misses you.
You barely miss the hobgoblin. The hobgoblin misses you.
Wield which item (- for none, * to show all)? (? for menu, Esc to quit)
Okay, then.
Firing (i - inventory): No suitable missiles.
Press: ? - help, Shift-Dir - straight line, f/p - hobgoblin
Aim: a hobgoblin, wielding a mace
Okay, then.
Read which item? (? for menu, Esc to quit)
As you read the scroll labeled FOXKASHR LAOLO, it crumbles to dust.
The dust glows faint indigo!
It was a scroll of random uselessness.
The hobgoblin hits you with a mace.
You die...

.......##..#
#...##.###....
##...##...##
#....[..Z...#. #........##
............... ....######
##..###.#..Z... .#### #.#
#. #.#.##Z.. ## #.# #..#
#.#.##.Z. #.# ####..#
#........
#.########.....#####.##.Z.
#..)....g@....... ...###.#
#..#######.##.#####..# #.#
#..#######.##.# #..# #.#
#.g.....##.##.## #..# #.#
##.............# ##..# #.#
##.####.##.##..###...###.#
#...# #.##.##.......)....#
#...# #.##.###.###.#.#####
#...# #%##.# #.# #.#.#


You could see a hobgoblin.

Vanquished Creatures
  A giant cockroach (D:1)
  2 hobgoblins (D:1)
  A giant newt (D:1)
  A kobold (D:1)
  A rat (D:1)
6 creatures vanquished.

Notes
Turn   | Place    | Note
--------------------------------------------------------------
     0 | D:1      | Oarsman the Mummy Necromancer began the quest for the Orb.
     0 | D:1      | Reached XP level 1. HP: 13/13 MP: 3/3
    39 | D:1      | Learned a level 1 spell: Animate Skeleton
   207 | D:1      | Slain by a hobgoblin

Vault maps used:
D:1:      dpeg_arrival_round_c

Action                   || total
-------------------------++-------
Melee: Unarmed           ||    19
 Cast: Pain              ||     7
       Animate Skeleton  ||     1
  Use: Scroll            ||     1
